 Dungeon Crawl Stone Soup version 0.26-a0-812-g31a745ddcd (webtiles) character file.

Game seed: 17558361550441264775

436 Dracia the Stinger (level 6, -1/61 HPs)
             Began as a Demonspawn Venom Mage on Dec 3, 2020.
             Slain by a water moccasin (5 damage)
             ... on level 5 of the Dungeon.
             The game lasted 00:07:57 (3799 turns).

Dracia the Stinger (Demonspawn Venom Mage)          Turns: 3799, Time: 00:07:57

Health: -1/61      AC: 23    Str: 10    XL:     6   Next: 68%
Magic:  0/11       EV:  2    Int: 18    God:
Gold:   182        SH:  5    Dex: 14    Spells: 4/11 levels left

rFire    . . .     SeeInvis .   i - +3 spear
rCold    . . .     Faith    .   (no shield)
rNeg     + + +     Spirit   +   (armour currently unavailable)
rPois    +         Reflect  +   (helmet currently unavailable)
rElec    .         Harm     .   (cloak currently unavailable)
rCorr    .         Rampage  .   (gloves currently unavailable)
MR       .....     NoTele   +   (boots currently unavailable)
Stlth    +++.......             o - amulet of reflection
HPRegen  0.20/turn              d - ring of stealth
MPRegen  0.12/turn              (no ring)

@: lethally poisoned (-1 -> -9), tree-form, very slightly contaminated, hasted,
very quick
A: magic shield, big brain 1
a: no special abilities


You were on level 5 of the Dungeon.
You were a tree.
You visited 1 branch of the dungeon, and saw 5 of its levels.

You collected 182 gold pieces.


Innate Abilities, Weirdness & Mutations

((You have a pair of small horns on your head.))
When hurt, damage is shared between your health and your magic reserves.
You have an unusually large brain. (Int +2)


   Skills:
 - Level 1.7 Dodging
 - Level 1.7 Stealth
 + Level 3.3 Spellcasting
 - Level 0.8 Transmutations
 * Level 7.0 Poison Magic


You had 4 spell levels left.
You knew the following spells:

 Your Spells              Type           Power        Failure   Level
a - Olgreb's Toxic Radia  Pois           ####....     9%          4
d - Poisonous Vapours     Pois/Air       ###...       5%          2
f - Sting                 Tmut/Pois      ###.         3%          1

Your spell library contained the following spells:

 Spells                   Type           Power        Failure   Level
 Animate Skeleton         Necr           #.....       16%         1
 Apportation              Tloc           #.....       16%         1
 Corona                   Hex            #......      16%         1
 Summon Small Mammal      Summ           #...         16%         1
 Ignite Poison            Fire/Tmut/Pois ##......     16%         3
 Mephitic Cloud           Conj/Pois/Air  ##......     19%         3

Inventory:

Hand Weapons
 b - a +0 dagger
 i - a +3 spear (weapon)
Missiles
 p - 7 atropa-tipped darts (quivered)
Armour
 a - a +0 robe
 m - a +0 leather armour (melded)
 q - a +0 cloak (melded)
Jewellery
 d - a ring of stealth (left branch)
 o - an amulet of reflection (around neck)
Wands
 r - a wand of digging (4)
Scrolls
 c - 6 scrolls of identify {unknown}
 f - 7 scrolls of teleportation {unknown}
 g - a scroll of blinking {unknown}
 h - a scroll of magic mapping {unknown}
 k - 2 scrolls of fog {unknown}
 l - 3 scrolls of remove curse {unknown}
 n - a scroll of enchant weapon {unknown}

Dungeon Overview and Level Annotations

Branches:
Dungeon (5/15)
 Temple: D:4-7

Altars:
Ashenzari
Uskayaw

#########
#..<....#
#.......#
#.......#
#.......#
#.......#
#.......#
#..♣....#
#...S....#
.....8.8.8..#
............#
............#
....#.!.....#
....#_).....#
... #.....$.#


You could see a water moccasin (poisoned).


Message History

* * * LOW HITPOINT WARNING * * *
You are lethally poisoned!
The water moccasin poisons you!
It was a potion of haste.
You feel yourself speed up.
* * * LOW HITPOINT WARNING * * *
You feel sick.
The water moccasin bites you but does no damage.
The water moccasin bites you.
* * * LOW HITPOINT WARNING * * *
It was a potion of lignification.
You turn into a tree.
Your +0 cloak melds into your body.
Your +0 leather armour melds into your body.
Your roots penetrate the ground.
You block the water moccasin's attack.
You hit the water moccasin.
The water moccasin is severely wounded.
* * * LOW HITPOINT WARNING * * *
You feel sick.
You hit the water moccasin.
The water moccasin is severely wounded.
* * * LOW HITPOINT WARNING * * *
You feel sick. You block the water moccasin's attack.
You completely miss the water moccasin.
The water moccasin is almost dead.
* * * LOW HITPOINT WARNING * * *
You feel sick.
The water moccasin bites you but does no damage.
You closely miss the water moccasin.
The water moccasin is almost dead.
The water moccasin bites you.
You die...

Skill      XL: |  1  2  3  4  5  6 |
---------------+-------------------+-----
Poison Magic   | 4 5 6 7 |  7.0
Spellcasting   | 3 |  3.3
Dodging        | |  1.7
Stealth        | |  1.7
Transmutations | |  0.8

Action                   |  1- 3 |  4- 6 || total
-------------------------+-------+-------++-------
Melee: Unarmed           |    18 |       ||    18
       Dagger            |    19 |       ||    19
       Spear             |     8 |   162 ||   170
       Headbutt          |       |    11 ||    11
 Cast: Sting             |    24 |    15 ||    39
       Poisonous Vapours |     7 |    12 ||    19
       Olgreb's Toxic Ra |       |     1 ||     1
  Use: Potion            |       |     6 ||     6
 Stab: Sleeping          |     3 |     3 ||     6
Armor: Robe              |    12 |    17 ||    29
       Leather armour    |       |    13 ||    13
       Skin              |       |     1 ||     1
Dodge: Dodged            |    35 |    97 ||   132
Block: Other             |       |    13 ||    13

Levels and vault maps discovered:
D:1:      nagdon_arrival_zigzag_paths, layout_loops_ring,
          chequers_serial_rivers_micro_b, minmay_misc_feat_ornament,
          minmay_misc_feat_doors
D:2:      layout_rooms
D:3:      layout_rooms, lemuel_round_altar
D:4:      layout_gridville
D:5:      layout_gridville, eat_drink_and_be_merry_uskayaw, tgw_sif

Notes
Turn   | Place    | Note
-------+----------+-------------------------------------------
     0 | D:1      | Dracia the Demonspawn Venom Mage began the quest for the
                  | Orb.
     0 | D:1      | Reached XP level 1. HP: 13/13 MP: 3/3
   321 | D:1      | Gained mutation: You have an unusually large brain. (Int
                  | +2) [demonic ancestry]
   321 | D:1      | Reached XP level 2. HP: 10/19 MP: 0/5
   506 | D:1      | Learned a level 2 spell: Poisonous Vapours
   832 | D:1      | Reached skill level 4 in Poison Magic
  1133 | D:1      | Reached XP level 3. HP: 23/24 MP: 4/6
  1406 | D:2      | Gained mutation: You have a pair of small horns on your
                  | head. [demonic ancestry]
  1406 | D:2      | Reached XP level 4. HP: 23/30 MP: 2/7
  1443 | D:2      | Reached skill level 5 in Poison Magic
  2111 | D:2      | Learned a level 4 spell: Olgreb's Toxic Radiance
  2292 | D:3      | HP: 3/30 [orc priest/divine providence (12)]
  2302 | D:3      | Reached XP level 5. HP: 8/35 MP: 8/8
  2894 | D:3      | Found a broken altar of Ashenzari.
  2912 | D:3      | Reached skill level 6 in Poison Magic
  3188 | D:4      | Gained mutation: When hurt, damage is shared between your
                  | health and your magic reserves. [demonic ancestry]
  3188 | D:4      | Reached XP level 6. HP: 41/41 MP: 1/10
  3394 | D:4      | Reached skill level 3 in Spellcasting
  3742 | D:4      | Reached skill level 7 in Poison Magic
  3777 | D:5      | Entered Level 5 of the Dungeon
  3781 | D:5      | Noticed a water moccasin
  3782 | D:5      | Found a hide-covered altar of Uskayaw.
  3794 | D:5      | HP: 4/41 [water moccasin (5)]
  3799 | D:5      | Slain by a water moccasin

Vanquished Creatures
  A scorpion (D:4)
  An orc priest (D:3)
  2 hounds (D:4)
  A centaur skeleton (D:4)
  An iguana (D:4)
  2 worker ants
  7 gnolls
  5 adders
  2 worms
  3 dart slugs
  2 leopard geckos
  4 orcs
  8 bats
  4 giant cockroaches
  6 hobgoblins
  2 jackals (D:2)
  2 ball pythons
  10 frilled lizards
  4 goblins
  10 kobolds
  A leopard gecko skeleton (D:4)
  8 rats
86 creatures vanquished.

Table legend: (Time is in decaauts)
 A = Elapsed time spent in this place.
 B = Non-inter-level travel time spent in this place.
 C = Inter-level travel time spent in this place.
 D = Time resting spent in this place.
 E = Time spent auto-exploring this place.
 F = Levels seen in this place.
 G = Mean time per level.
                   A        B        C        D        E       F      G
               +--------+--------+--------+--------+--------+-----+--------+
         Total |   3815 |   3753 |     62 |    514 |   2624 |   5 |  763.0 |
       Dungeon |   3815 |   3753 |     62 |    514 |   2624 |   5 |  763.0 |
               +--------+--------+--------+--------+--------+-----+--------+

Top non-repeatable levels by time:
     D:1: 1309 daAuts
     D:2: 1088 daAuts
     D:4: 792 daAuts
     D:3: 603 daAuts
     D:5: 20 daAuts

Table legend:
 A = Non-vault XP
 B = Vault XP
 C = Vault XP percentage of total XP
 D = Non-vault monster count
 E = Vault monster count
 F = Vault count percentage of total count
                 A         B        C        D         E       F
            +---------+---------+-------+---------+---------+-------
      Total |     623 |       0 |   0.0 |      86 |       0 |   0.0
            +---------+---------+-------+---------+---------+-------
        D:1 |      41 |       0 |   0.0 |      25 |       0 |   0.0
        D:2 |     133 |       0 |   0.0 |      30 |       0 |   0.0
        D:3 |     104 |       0 |   0.0 |      13 |       0 |   0.0
        D:4 |     345 |       0 |   0.0 |      18 |       0 |   0.0
            +---------+---------+-------+---------+---------+-------
